 Dungeon Crawl Stone Soup version 0.22-a0-815-gb582571 (webtiles) character file.

50 iamserjio the Chiller (level 3, 0/24 HPs)
             Began as a Barachi Ice Elementalist on July 23, 2018.
             Slain by a kobold (2 damage)
             ... on level 3 of the Dungeon.
             The game lasted 00:04:01 (726 turns).

iamserjio the Chiller (Barachi Ice Elementalist)     Turns: 726, Time: 00:04:01

Health: 0/24       AC:  2    Str:  9    XL:     3   Next: 79%
Magic:  4/6        EV: 18    Int: 16    God:
Gold:   66         SH:  0    Dex: 17    Spells: 5/6 levels left

rFire    . . .     SeeInvis .   g - +0 hand axe (chop)
rCold    . . .     Gourm    .   (no shield)
rNeg     . . .     Faith    .   a - +0 robe
rPois    .         Spirit   .   (no helmet)
rElec    .         Reflect  .   (no cloak)
rCorr    .         Harm     .   (no gloves)
MR       .....                  (no boots)
Stlth    +++.......             (no amulet)
HPRegen  0.08/turn              (no ring)
MPRegen  0.10/turn              (no ring)

@: agile, lethally poisoned (0 -> -15), hasted, quick
A: +LOS, swims, slowness 1, strong legs 1
a: Hop


You were on level 3 of the Dungeon.
You were not hungry.

You visited 1 branch of the dungeon, and saw 4 of its levels.

You collected 66 gold pieces.

Inventory:

Hand Weapons
 b - a +0 club
 g - a +0 hand axe of chopping (weapon)
Armour
 a - a +0 robe (worn)
Jewellery
 j - a +5 ring of protection {unknown}
Scrolls
 d - a scroll of random uselessness {unknown}
 e - a scroll of amnesia {unknown}
 h - 2 scrolls of teleportation {unknown}
 i - 2 scrolls of identify {unknown}
Comestibles
 c - 4 rations
 l - 2 chunks of flesh


   Skills:
 - Level 2.1 Dodging
 - Level 1.7 Stealth
 - Level 2.1 Spellcasting
   Level 1.1 Conjurations
 * Level 5.6 Ice Magic


You had 5 spell levels left.
You knew the following spells:

 Your Spells              Type           Power        Failure   Level  Hunger
a - Freeze                Ice            ###.         1%          1    #......

Your spell library contained the following spells:

 Spells                   Type           Power        Failure   Level  Hunger
 Throw Frost              Conj/Ice       ##....       8%          2    ###....
 Summon Ice Beast         Ice/Summ       ##......     54%         4    #####..
 Ozocubu's Armour         Chrm/Ice       ##......     19%         3    ###....
 Throw Icicle             Conj/Ice       ##......     45%         4    #####..


Dungeon Overview and Level Annotations

Branches:
Dungeon (4/15)
 Temple: D:4-7

Altars:
Ashenzari
Gozag


Innate Abilities, Weirdness & Mutations

Shadows flee at your approach. (+LOS)
You can swim through water.
You cover ground slowly.
You can hop short distances.


Message History

You feel sick.
The kobold unwields an uncursed blowgun.
The kobold barely misses you.
Casting: Freeze (safe; 1% risk of failure)
Confirm with . or Enter, or press ? or * to list all spells.
Aiming: Freeze (safe; 1% risk of failure)
Press: ? - help, Shift-Dir - straight line, f - kobold
Aim: a kobold You freeze the kobold.
The kobold is moderately wounded.
* * * LOW HITPOINT WARNING * * *
You feel sick. The kobold misses you.
It was a potion of agility.
You feel agile all of a sudden.
* * * LOW HITPOINT WARNING * * *
You feel sick. The kobold barely misses you.
It was a potion of haste.
You feel yourself speed up.
* * * LOW HITPOINT WARNING * * *
You feel sick. The kobold hits you.
You die...

#...##. ####≈≈PP♣ ..
..#.## #...P♣≈≈ #
gK<.######..≈PP♣ ..
#...##.....PPP♣≈≈ ..#
...#..###P≈P≈♣ ♣
..#..#)≈P.P.≈♣≈♣
...#.P≈≈≈♣≈≈≈≈≈
#.######>#≈≈≈♣P≈PPP.P.
#...K@gK..P≈..≈≈≈≈P##.
#$.......(.......... .
######>#####.########
#.# .# #.# .. #.# .##
#.# # #.. ###


You could see a goblin and 2 kobolds.

Vanquished Creatures
  2 adders (D:2)
  A worm (D:2)
  2 dart slugs
  An orc (D:3)
  2 giant cockroaches
  A hobgoblin (D:1)
  4 kobolds
  A quokka (D:3)
  A ball python (D:2)
  5 bats
  3 frilled lizards
  A goblin (D:1)
  3 rats
27 creatures vanquished.

Notes
Turn   | Place    | Note
-------+----------+-------------------------------------------
     0 | D:1      | iamserjio the Barachi Ice Elementalist began the quest for the Orb.
     0 | D:1      | Reached XP level 1. HP: 13/13 MP: 3/3
    70 | D:1      | Found a shattered altar of Ashenzari.
   127 | D:1      | Reached skill level 4 in Ice Magic
   143 | D:1      | Reached XP level 2. HP: 19/19 MP: 0/5
   419 | D:2      | Reached skill level 5 in Ice Magic
   419 | D:2      | Reached XP level 3. HP: 24/24 MP: 2/6
   494 | D:2      | You fall through a shaft for 2 floors!
   551 | D:3      | Found an opulent altar of Gozag.
   726 | D:3      | Slain by a kobold

Vault maps used:
D:1:      dpeg_arrival_boxes_within_box, amethyst_killhole, dk_noncrumbling_2,
          ashenzari_altar_1
D:3:      lemuel_crystal_altar, old_standard_altar, first_ration,
          serial_bayou_lagoon_a, minmay_misc_feat_cross
D:4:      minmay_temple_entry_mist, okawaru_metal_pillars_1_2, uniq_duvessa

Skill      XL: |  1  2 |
---------------+-------+-----
Ice Magic      | 4 5 |  5.6
Dodging        | |  2.1
Stealth        | |  1.7
Spellcasting   | |  2.1
Conjurations   | |  1.1

Action                   || total
-------------------------++-------
Melee: Club              ||     6
       Hand axe          ||    20
 Cast: Freeze            ||    34
  Use: Potion            ||     2
 Stab: Sleeping          ||     1
Armor: Robe              ||    11
Dodge: Dodged            ||    62

Table legend:
 A = Spawn XP
 B = Non-spawn XP
 C = Spawn XP percentage of total XP
 D = Spawn monster count
 E = Non-spawn monster count
 F = Spawn count percentage of total count
 G = Total turns spent on level
                    A         B        C        D         E        F      G
               +---------+---------+-------+---------+---------+-------+---------
         Total |       0 |      72 |   0.0 |       0 |      27 |   0.0 |   726
               +---------+---------+-------+---------+---------+-------+---------
           D:1 |       0 |      16 |   0.0 |       0 |       9 |   0.0 |   242
           D:2 |       0 |      49 |   0.0 |       0 |      14 |   0.0 |   327
           D:3 |       0 |       7 |   0.0 |       0 |       4 |   0.0 |   145
               +---------+---------+-------+---------+---------+-------+---------
